TOP OF THE 1ST |
Dublin Jerome HS Celtics batting - Pitching for Tacoma HS Torchmen : RHP Dax Green
|
Pitching: RHP Dax Green
|
|
Batting: RHB David Silva
|
0-0: Ball 1-0: Swinging Strike 1-1: Foul Ball, location: 2F 1-2: Strikes out looking
|
Batting: RHB Cy Wilcox
|
0-0: Called Strike 0-1: Ball 1-1: Swinging Strike 1-2: Strikes out swinging
|
Batting: LHB Paul Holcomb
|
0-0: Ball 1-0: Swinging Strike 1-1: Ball 2-1: Foul Ball, location: 2F 2-2: Ball 3-2: Ground out 3-1 (Groundball, 34)
|
Top of the 1st over - 0 run(s), 0 hit(s), 0 error(s), 0 left on base; Dublin Jerome HS 0 - Tacoma HS 0 |
BOTTOM OF THE 1ST |
Tacoma HS Torchmen batting - Pitching for Dublin Jerome HS Celtics : LHP Pablo Ortíz
|
Pitching: LHP Pablo Ortíz
|
|
Batting: RHB Cristián Ortega
|
0-0: Ball 1-0: Called Strike 1-1: SOLO HOME RUN (Flyball, 89XD), Distance : 406 ft
|
Batting: RHB Dexter Wooten
|
0-0: Ball 1-0: Foul Ball, location: 2F 1-1: Called Strike 1-2: Strikes out swinging
|
Batting: RHB Millard Ferguson
|
0-0: Ball 1-0: Reached on error, E5 (Groundball, 56)
|
Batting: LHB Larry Estes
|
0-0: Ball 1-0: Swinging Strike 1-1: Fly out, F7 (Flyball, 78S)
|
Batting: RHB Harold Allen
|
0-0: Called Strike 0-1: Fly out, F7 (Line Drive, 78D)
|
Bottom of the 1st over - 1 run(s), 1 hit(s), 1 error(s), 1 left on base; Dublin Jerome HS 0 - Tacoma HS 1 |
TOP OF THE 2ND |
Dublin Jerome HS Celtics batting - Pitching for Tacoma HS Torchmen : RHP Dax Green
|
Batting: RHB Pedro Polanco
|
0-0: Foul Ball, location: 2F 0-1: Fly out, F9 (Popup, 9S)
|
Batting: SHB Pete Jones
|
0-0: Called Strike 0-1: Swinging Strike 0-2: Ball 1-2: Strikes out swinging
|
Batting: RHB Craig Hicks
|
0-0: Called Strike 0-1: Ball 1-1: Ball 2-1: Ball 3-1: Base on Balls
|
Batting: RHB Deron McClendon
|
0-0: Ball 1-0: Ball 2-0: 2-RUN HOME RUN (Line Drive, 89D), Distance : 410 ft
|
Batting: RHB Garrett Hinton
|
0-0: Foul Ball, location: 2F 0-1: Called Strike 0-2: Ball 1-2: Foul Ball, location: 2F 1-2: Ball 2-2: Foul Ball, location: 2F 2-2: Fly out, F7 (Line Drive, 7M)
|
Top of the 2nd over - 2 run(s), 1 hit(s), 0 error(s), 0 left on base; Dublin Jerome HS 2 - Tacoma HS 1 |
BOTTOM OF THE 2ND |
Tacoma HS Torchmen batting - Pitching for Dublin Jerome HS Celtics : LHP Pablo Ortíz
|
Batting: RHB Ray Bray
|
0-0: Called Strike 0-1: Ground out U3 (Groundball, 3)
|
Batting: RHB Edison Jones
|
0-0: SINGLE (Groundball, 5L)
|
Batting: RHB Dave MacGruder
|
0-0: Ball 1-0: Called Strike 1-1: Ball 2-1: Fielders Choice at 2nd, 4-6 (Groundball, 4)
|
Batting: RHB Scotty Sherman
|
0-0: Swinging Strike 0-1: Foul Ball, location: 2F 0-2: Ball 1-2: Ball 2-2: Strikes out looking
|
Bottom of the 2nd over - 0 run(s), 1 hit(s), 0 error(s), 1 left on base; Dublin Jerome HS 2 - Tacoma HS 1 |
TOP OF THE 3RD |
Dublin Jerome HS Celtics batting - Pitching for Tacoma HS Torchmen : RHP Dax Green
|
Batting: LHB Dale González
|
0-0: Foul Ball, location: 2F 0-1: Ball 1-1: Ball 2-1: Called Strike 2-2: Reached on error, E5 (Groundball, 5L)
|
Batting: RHB David Silva
|
0-0: Ball 1-0: Foul Ball, location: 2F 1-1: Swinging Strike 1-2: Strikes out swinging
|
Batting: RHB Cy Wilcox
|
0-0: Ball 1-0: Called Strike 1-1: Called Strike 1-2: Ball 2-2: SINGLE (Line Drive, 7LM) Dale González to third
|
Batting: LHB Paul Holcomb
|
0-0: Ball 1-0: Foul Ball, location: 2F 1-1: Ball 2-1: Ball 3-1: Called Strike 3-2: Strikes out swinging
|
Batting: RHB Pedro Polanco
|
0-0: Ball 1-0: Foul Ball, location: 2F 1-1: Ball 2-1: Ground out 5-3 (Groundball, 56)
|
Top of the 3rd over - 0 run(s), 1 hit(s), 1 error(s), 2 left on base; Dublin Jerome HS 2 - Tacoma HS 1 |
BOTTOM OF THE 3RD |
Tacoma HS Torchmen batting - Pitching for Dublin Jerome HS Celtics : LHP Pablo Ortíz
|
Batting: RHB Cristián Ortega
|
0-0: Ball 1-0: Ball 2-0: Ball 3-0: Base on Balls
|
Batting: RHB Dexter Wooten
|
0-0: Ball 1-0: Reached on error, E5 (Groundball, 5S) Cristián Ortega to second
|
Batting: RHB Millard Ferguson
|
0-0: SINGLE (Line Drive, 4MD) Cristián Ortega to third Dexter Wooten to second
|
Batting: LHB Larry Estes
|
0-0: Foul Ball, location: 2F 0-1: Grounds into double play, 4-6-3 (Groundball, 4) Cristián Ortega scores Dexter Wooten to third
|
Batting: RHB Harold Allen
|
0-0: Foul Ball, location: 2F 0-1: Ball 1-1: Swinging Strike 1-2: Ball 2-2: Ball 3-2: Strikes out swinging
|
Bottom of the 3rd over - 1 run(s), 1 hit(s), 1 error(s), 1 left on base; Dublin Jerome HS 2 - Tacoma HS 2 |
TOP OF THE 4TH |
Dublin Jerome HS Celtics batting - Pitching for Tacoma HS Torchmen : RHP Dax Green
|
Batting: SHB Pete Jones
|
0-0: Ball 1-0: Ball 2-0: Ball 3-0: Called Strike 3-1: Called Strike 3-2: Base on Balls
|
Batting: RHB Craig Hicks
|
0-0: Ball 1-0: Ball 2-0: Foul Ball, location: 2F 2-1: Ball 3-1: Base on Balls Pete Jones to second
|
Batting: RHB Deron McClendon
|
0-0: Called Strike 0-1: Foul Ball, location: 2F 0-2: Ball 1-2: Ball 2-2: Grounds into double play, 6-4-3 (Groundball, 6) Pete Jones to third
|
Batting: RHB Garrett Hinton
|
0-0: Fly out, F2 (Popup, 2LF)
|
Top of the 4th over - 0 run(s), 0 hit(s), 0 error(s), 1 left on base; Dublin Jerome HS 2 - Tacoma HS 2 |
BOTTOM OF THE 4TH |
Tacoma HS Torchmen batting - Pitching for Dublin Jerome HS Celtics : LHP Pablo Ortíz
|
Batting: RHB Ray Bray
|
0-0: Swinging Strike 0-1: Ball 1-1: Ball 2-1: Ball 3-1: Base on Balls
|
Batting: RHB Edison Jones
|
0-0: Swinging Strike 0-1: Ball 1-1: Called Strike 1-2: Ball 2-2: Ball 3-2: Base on Balls Ray Bray to second
|
Batting: RHB Dave MacGruder
|
0-0: Foul Ball, location: 2F 0-1: Ball 1-1: Foul Ball, location: 2F 1-2: Hit by Pitch Ray Bray to third Edison Jones to second
|
Batting: RHB Scotty Sherman
|
0-0: Ball 1-0: Ball 2-0: Ball 3-0: Called Strike 3-1: Called Strike 3-2: Base on Balls Ray Bray scores Edison Jones to third Dave MacGruder to second
|
Batting: RHB Cristián Ortega
|
0-0: Ball 1-0: Ball 2-0: Called Strike 2-1: Grounds into double play, U6-3 (Groundball, 6M) Edison Jones scores Dave MacGruder to third
|
Batting: RHB Dexter Wooten
|
0-0: Ball 1-0: Ball 2-0: Fly out, F8 (Flyball, 89S)
|
Bottom of the 4th over - 2 run(s), 0 hit(s), 0 error(s), 1 left on base; Dublin Jerome HS 2 - Tacoma HS 4 |
TOP OF THE 5TH |
Dublin Jerome HS Celtics batting - Pitching for Tacoma HS Torchmen : RHP Dax Green
|
Batting: LHB Dale González
|
0-0: Ground out U3 (Groundball, 3)
|
Batting: RHB David Silva
|
0-0: Ball 1-0: Ball 2-0: Ball 3-0: Called Strike 3-1: Called Strike 3-2: Strikes out looking
|
Batting: RHB Cy Wilcox
|
0-0: Ball 1-0: Called Strike 1-1: Ball 2-1: Ball 3-1: Foul Ball, location: 2F 3-2: SINGLE (Groundball, 56D)
|
Pitching: RHP Eric Wallace
|
|
Batting: LHB Paul Holcomb
|
0-0: Ball 1-0: SINGLE (Line Drive, 6D) Cy Wilcox to second
|
Batting: RHB Pedro Polanco
|
0-0: Called Strike 0-1: Ground out 3-1 (Groundball, 34)
|
Top of the 5th over - 0 run(s), 2 hit(s), 0 error(s), 2 left on base; Dublin Jerome HS 2 - Tacoma HS 4 |
BOTTOM OF THE 5TH |
Tacoma HS Torchmen batting - Pitching for Dublin Jerome HS Celtics : LHP Pablo Ortíz
|
Batting: RHB Millard Ferguson
|
0-0: Called Strike 0-1: Ball 1-1: Foul Ball, location: 2F 1-2: Foul Ball, location: 2F 1-2: Reached on error, E2 (Groundball, 2R)
|
Batting: LHB Larry Estes
|
0-0: Ball 1-0: Fielders Choice at 2nd, 4-6 (Groundball, 4)
|
Batting: RHB Harold Allen
|
0-0: Called Strike 0-1: Called Strike 0-2: Fly out, F8 (Flyball, 8RM)
|
Batting: RHB Ray Bray
|
0-0: Called Strike 0-1: Called Strike 0-2: Ball 1-2: Foul Ball, location: 2F 1-2: Strikes out swinging
|
Bottom of the 5th over - 0 run(s), 0 hit(s), 1 error(s), 1 left on base; Dublin Jerome HS 2 - Tacoma HS 4 |
TOP OF THE 6TH |
Dublin Jerome HS Celtics batting - Pitching for Tacoma HS Torchmen : RHP Eric Wallace
|
Batting: SHB Pete Jones
|
0-0: Called Strike 0-1: Swinging Strike 0-2: Strikes out swinging
|
Batting: RHB Craig Hicks
|
0-0: SINGLE (Flyball, 9LM)
|
Batting: RHB Deron McClendon
|
0-0: Foul Ball, location: 2F 0-1: Foul Ball, location: 2F 0-2: Ball 1-2: Fly out, F8 (Flyball, 8RM)
|
Batting: RHB Garrett Hinton
|
0-0: Ball 1-0: Foul Ball, location: 2F 1-1: Ball 2-1: Called Strike 2-2: Strikes out swinging
|
Top of the 6th over - 0 run(s), 1 hit(s), 0 error(s), 1 left on base; Dublin Jerome HS 2 - Tacoma HS 4 |
BOTTOM OF THE 6TH |
Tacoma HS Torchmen batting - Pitching for Dublin Jerome HS Celtics : LHP Pablo Ortíz
|
Pitching: RHP Zach Hutchinson
|
|
Batting: RHB Edison Jones
|
0-0: Swinging Strike 0-1: Foul Ball, location: 2F 0-2: Ball 1-2: Strikes out swinging
|
Batting: RHB Dave MacGruder
|
0-0: Ground out 4-3 (Groundball, 4)
|
Batting: RHB Scotty Sherman
|
0-0: Ball 1-0: Ball 2-0: Ball 3-0: Base on Balls
|
Batting: RHB Cristián Ortega
|
0-0: Ball 1-0: Ball 2-0: Swinging Strike 2-1: Ball 3-1: Base on Balls Scotty Sherman to second
|
Batting: RHB Dexter Wooten
|
0-0: Ball 1-0: Ball 2-0: Ball 3-0: Base on Balls Scotty Sherman to third Cristián Ortega to second
|
Batting: RHB Millard Ferguson
|
0-0: Foul Ball, location: 2F 0-1: Ball 1-1: GRAND SLAM HOME RUN (Flyball, 78XD), Distance : 420 ft
|
Pitching: LHP Dan Riggs
|
|
Batting: LHB Larry Estes
|
0-0: Ball 1-0: Ball 2-0: Ball 3-0: Base on Balls
|
Batting: RHB Harold Allen
|
0-0: Ball 1-0: Called Strike 1-1: Swinging Strike 1-2: Ball 2-2: SINGLE (Line Drive, 78S) Larry Estes to second
|
Batting: RHB Ray Bray
|
0-0: Ball 1-0: Ball 2-0: 3-RUN HOME RUN (Flyball, 8RXD), Distance : 435 ft
|
Batting: RHB Edison Jones
|
0-0: Ball 1-0: Ball 2-0: Ball 3-0: Base on Balls
|
Batting: RHB Dave MacGruder
|
0-0: Ball 1-0: Called Strike 1-1: Ball 2-1: Foul Ball, location: 2F 2-2: Reached on error, E5 (Groundball, 5S) Edison Jones to second
|
Batting: RHB Scotty Sherman
|
0-0: Called Strike 0-1: Swinging Strike 0-2: Foul Ball, location: 2F 0-2: Ball 1-2: Strikes out swinging
|
Bottom of the 6th over - 7 run(s), 3 hit(s), 1 error(s), 2 left on base; Dublin Jerome HS 2 - Tacoma HS 11 |
TOP OF THE 7TH |
Dublin Jerome HS Celtics batting - Pitching for Tacoma HS Torchmen : RHP Eric Wallace
|
Batting: LHB Dale González
|
0-0: Called Strike 0-1: Called Strike 0-2: Ball 1-2: Reached on error, E6 (Groundball, 6M)
|
Batting: RHB David Silva
|
0-0: Called Strike 0-1: Swinging Strike 0-2: Foul Ball, location: 2F 0-2: Ball 1-2: Ball 2-2: Ball 3-2: Base on Balls
|
Batting: RHB Cy Wilcox
|
0-0: Ball 1-0: Foul Ball, location: 2F 1-1: Fielders Choice at 2nd, 1-6 (Groundball, 23) Dale González to third
|
Batting: LHB Paul Holcomb
|
Pickoff Throw to First - Error! E1 Dale González scores Cy Wilcox to second 0-0: Called Strike 0-1: Ball 1-1: Called Strike 1-2: Strikes out swinging
|
Batting: RHB Pedro Polanco
|
0-0: Ball 1-0: Called Strike 1-1: Swinging Strike 1-2: Ball 2-2: Strikes out swinging
|
Top of the 7th over - 1 run(s), 0 hit(s), 2 error(s), 1 left on base; Dublin Jerome HS 3 - Tacoma HS 11 |
BOTTOM OF THE 7TH |
Tacoma HS Torchmen batting - Pitching for Dublin Jerome HS Celtics : LHP Dan Riggs
|
Batting: RHB Cristián Ortega
|
0-0: Ball 1-0: Swinging Strike 1-1: Foul Ball, location: 2F 1-2: Strikes out swinging
|
Batting: RHB Dexter Wooten
|
0-0: Foul Ball, location: 2F 0-1: Ball 1-1: Swinging Strike 1-2: Foul Ball, location: 2F 1-2: Fly out, F4 (Popup, 34)
|
Batting: RHB Millard Ferguson
|
0-0: Ball 1-0: Fly out, F6 (Line Drive, 6)
|
Bottom of the 7th over - 0 run(s), 0 hit(s), 0 error(s), 0 left on base; Dublin Jerome HS 3 - Tacoma HS 11 |
TOP OF THE 8TH |
Dublin Jerome HS Celtics batting - Pitching for Tacoma HS Torchmen : RHP Eric Wallace
|
Pitching: RHP Jim Major
|
|
Batting: SHB Pete Jones
|
0-0: Called Strike 0-1: Swinging Strike 0-2: Ball 1-2: Ball 2-2: Ball 3-2: Foul Ball, location: 2F 3-2: Base on Balls
|
Batting: RHB Craig Hicks
|
0-0: Called Strike 0-1: Ball 1-1: Called Strike 1-2: Strikes out swinging
|
Batting: RHB Deron McClendon
|
0-0: Ball 1-0: Called Strike 1-1: Ball 2-1: Ball 3-1: Base on Balls Pete Jones to second
|
Batting: RHB Garrett Hinton
|
0-0: Ball 1-0: Fly out, F3 (Popup, 3F)
|
Batting: LHB Dale González
|
0-0: Ground out 4-3 (Groundball, 34)
|
Top of the 8th over - 0 run(s), 0 hit(s), 0 error(s), 2 left on base; Dublin Jerome HS 3 - Tacoma HS 11 |
BOTTOM OF THE 8TH |
Tacoma HS Torchmen batting - Pitching for Dublin Jerome HS Celtics : LHP Dan Riggs
|
Batting: LHB Larry Estes
|
0-0: Ball 1-0: Called Strike 1-1: Foul Ball, location: 2F 1-2: Ground out U3 (Groundball, 3)
|
Batting: RHB Harold Allen
|
0-0: Called Strike 0-1: Ball 1-1: Ground out 6-3 (Groundball, 6)
|
Batting: RHB Ray Bray
|
0-0: Called Strike Single, Error in OF, E8, batter to second base
|
Batting: RHB Edison Jones
|
0-0: Called Strike 0-1: Ball 1-1: Swinging Strike 1-2: Strikes out looking
|
Bottom of the 8th over - 0 run(s), 1 hit(s), 1 error(s), 1 left on base; Dublin Jerome HS 3 - Tacoma HS 11 |
TOP OF THE 9TH |
Dublin Jerome HS Celtics batting - Pitching for Tacoma HS Torchmen : RHP Jim Major
|
Now in LF: Kel Turner
|
|
Batting: RHB David Silva
|
0-0: Swinging Strike 0-1: Ball 1-1: Ball 2-1: Ball 3-1: Base on Balls
|
Batting: RHB Cy Wilcox
|
0-0: Ball 1-0: Ball 2-0: Fly out, F8 (Flyball, 8LM)
|
Batting: LHB Paul Holcomb
|
0-0: Called Strike 0-1: Ball 1-1: Swinging Strike 1-2: Strikes out swinging
|
Batting: RHB Pedro Polanco
|
0-0: Foul Ball, location: 2F 0-1: Ball 1-1: Foul Ball, location: 2F 1-2: Ball 2-2: Hit by Pitch David Silva to second
|
Batting: SHB Pete Jones
|
0-0: Ball 1-0: Ball 2-0: Swinging Strike 2-1: Fly out, F7 (Flyball, 7M)
|
Top of the 9th over - 0 run(s), 0 hit(s), 0 error(s), 2 left on base; Dublin Jerome HS 3 - Tacoma HS 11 |
|